 Dungeon Crawl Stone Soup version 0.30-b1-2-g02819fbbbe (webtiles) character file.

Game seed: 1943945165196358448

24 nightchill the Cutter (level 3, -6/22 HPs)
             Began as a Kobold Gladiator on May 15, 2023.
             Mangled by Terence
             ... wielding a +2 heavy hand axe
              (12 damage)
             ... on level 2 of the Dungeon.
             The game lasted 00:01:34 (1176 turns).

nightchill the Cutter (Kobold Gladiator)            Turns: 1176, Time: 00:01:34

Health: -6/22      AC:  4    Str: 13    XL:     3   Next: 15%
Magic:  3/3        EV: 15    Int:  9    God:
Gold:   43         SH:  0    Dex: 16    Spells: 2/2 levels left

rFire   . . .        a - +0 rapier
rCold   . . .        (no shield)
rNeg    . . .        b - +0 leather armour
rPois   .            c - +0 helmet
rElec   .            (no cloak)
rCorr   .            (no gloves)
SInv    .            (no boots)
Will    .....        (no amulet)
Stlth   ++           (no ring)
HPRegen 0.23/turn    (no ring)
MPRegen 0.08/turn

%: no passive effects
@: no status effects
A: small, no large weapons, nightstalker 3
a: no special abilities


You were on level 2 of the Dungeon.
You visited 1 branch of the dungeon, and saw 2 of its levels.

You collected 43 gold pieces.

Inventory:

Hand Weapons
 a - a +0 rapier (weapon)
Missiles
 d - 3 throwing nets (quivered)
 e - 2 boomerangs
Armour
 b - a +0 leather armour (worn)
 c - a +0 helmet (worn)
Scrolls
 f - 2 scrolls of teleportation {unknown}
 i - a scroll of magic mapping {unknown}
 j - 2 scrolls of noise {unknown}
 k - a scroll of amnesia {unknown}
 l - a scroll of identify {unknown}
Potions
 g - 2 potions of brilliance {unknown}
 h - 2 potions of curing {unknown}
 m - a potion of heal wounds {unknown}
 n - 2 potions of might {unknown}
 o - a potion of cancellation {unknown}


   Skills:
 + Level 2.7 Fighting
 * Level 5.0 Short Blades
 - Level 2.1 Throwing
 - Level 3.6 Dodging


You had 2 spell levels left.
You didn't know any spells.
Your spell library contained the following spells:

 Spells                   Type           Power      Damage    Failure   Level
 Apportation              Tloc           0%         N/A       45%         1
 Necrotise                Necr           0%         1d4       45%         1
 Summon Small Mammal      Summ           0%         N/A       45%         1


Dungeon Overview and Level Annotations

Branches:
Dungeon (2/15)

Altars:

Annotations:
D:2 Terence


Innate Abilities, Weirdness & Mutations

You are small and have problems with some larger weapons.
You are completely attuned to the shadows.


Message History

You hit the goblin.
You kill the goblin!
No target in view!
HP restored.
You see here a +0 dagger.
Found a faded altar of an unknown god.
The floating eye turns its gaze towards you.
The floating eye turns its gaze towards you.
Terence the Incautious comes into view.
He is wielding a +2 heavy hand axe and carrying a wand of flame (8).
Unknown command.
Terence shouts!
Terence zaps a wand.
The puff of flame misses you.
Terence zaps a wand.
The puff of flame hits you.
You hit Terence.
Terence is lightly wounded.
Terence barely misses you.
You hit Terence but do no damage.
Terence is lightly wounded.
You hit Terence but do no damage.
Terence is lightly wounded.
Terence hits you with a +2 heavy hand axe.
You hit Terence but do no damage.
Terence is lightly wounded.
Terence hits you with a +2 heavy hand axe.
You hit Terence but do no damage.
Terence is lightly wounded.
You hit Terence.
Terence is lightly wounded.
Terence zaps a wand.
The puff of flame hits you!
* * * LOW HITPOINT WARNING * * *
You hit Terence but do no damage.
Terence is lightly wounded.
Terence barely misses you.
You closely miss Terence.
Terence is lightly wounded.
You hit Terence.
Terence is heavily wounded.
Terence hits you with a +2 heavy hand axe!
Ouch! That really hurt!
You die...

.###.# .# #.#
#..###. .###.####
#...... ........#
#......_.....##.#
#............##.#
#..###...###....#
#.@#G#...#G#.#..###
#.@###...###.#...#.
#............#.#.#.
#....#######.).#...
###### #..#####.
#....#... #.##.#.#.
#.##..... #.#######
#.#


You could see Terence.

Vanquished Creatures
  2 ball pythons (D:1)
  An endoplasm (D:2)
  2 jackals (D:1)
  4 bats
  A frilled lizard (D:1)
  5 goblins
  5 kobolds
  3 rats
23 creatures vanquished.

Notes
Turn   | Place    | Note
-------+----------+-------------------------------------------
     0 | D:1      | nightchill the Kobold Gladiator began the quest for the
                  | Orb.
     0 | D:1      | Reached XP level 1. HP: 12/12 MP: 1/1
   211 | D:1      | Reached XP level 2. HP: 18/18 MP: 2/2
  1061 | D:2      | Reached XP level 3. HP: 22/22 MP: 3/3
  1077 | D:2      | Reached skill level 5 in Short Blades
  1114 | D:2      | Noticed a floating eye
  1152 | D:2      | Found a faded altar of an unknown god.
  1152 | D:2      | Noticed a floating eye
  1161 | D:2      | Noticed Terence
  1176 | D:2      | Mangled by Terence

Illustrated notes

Levels and vault maps discovered:
D:1:      minmay_arrival_four_circles, layout_basic, chequers_jeans,
          amcnicky_mini_pool_small, kennysheep_small_spiral
D:2:      layout_loops_ring, hellmonk_ecumenical_altar_watching_god,
          basic_altar, uniq_natasha, uniq_terence

Skill      XL: |  1  2  3 |
---------------+----------+-----
Short Blades   | 5 |  5.0
Fighting       | |  2.7
Throwing       | |  2.1
Dodging        | |  3.6

Action                     || total
---------------------------++-------
  Melee: Rapier            ||    59
   Stab: Sleeping          ||     8
 Armour: Leather armour    ||    10
  Dodge: Dodged            ||    40
